[Event "Live Chess"]
[Site "Chess.com"]
[Date "2024.06.02"]
[Round "-"]
[White "Duke_of_Bebington"]
[Black "DavrosLight"]
[Result "1-0"]
[WhiteElo "1587"]
[BlackElo "802"]
[TimeControl "300"]
[EndTime "7:50:45 PDT"]
[Termination "Duke_of_Bebington won by checkmate"]

1. e4 e5 2. Nf3 Nc6 3. Bc4 Nf6 4. O-O d6 5. d3 Bd7 6. c3 Be7 7. Bb3 O-O 8. Bc2 d5 9. exd5 Nxd5 10. Re1 Bf6 11.
Nbd2 Re8 12. Ne4 a6 13. h3 h6 14. Bd2 Nf4 15. Bxf4 exf4 16. Qd2 g5 17. Nxf6+ Qxf6 18. d4 Bxh3 19. gxh3 Kh8 20. Qd3 Rxe1+ 21. Rxe1 Rg8 22.
Qh7# 1-0

[Event "Live Chess"]
[Site "Chess.com"]
[Date "2024.06.02"]
[Round "-"]
[White "missedJariChance"]
[Black "blunderabit"]
[Result "0-1"]
[WhiteElo "1365"]
[BlackElo "1767"]
[TimeControl "300"]
[EndTime "7:50:49 PDT"]
[Termination "blunderabit won by resignation"]

1. b3 d5 2. Bb2 c5 3. Nf3 Nc6 4. e3 f6 5. Be2 e6 6. c4 d4 7. exd4 cxd4 8. Nxd4 Nxd4 9. O-O Nh6 10. Nc3 Be7 11. Bh5+ g6 12. Bf3 Nxf3+ 13. Qxf3 O-O 14.
Nb5 a6 15. Nd4 e5 16. Nc2 Nf5 17. Rad1 Rb8 18. Ne3 Nd4 19. Qg3 0-1

[Event "Live Chess"]
[Site "Chess.com"]
[Date "2024.06.02"]
[Round "-"]
[White "ProfPoisson"]
[Black "LL220284LL"]
[Result "0-1"]
[WhiteElo "1334"]
[BlackElo "2467"]
[TimeControl "300"]
[EndTime "7:50:50 PDT"]
[Termination "LL220284LL won by resignation"]

1. e4 d5 2. exd5 Qxd5 3. Nc3 Qa5 4. b4 Qxb4 5. Nb5 Na6 6. Ba3 Qe4+ 7. Ne2 Nf6 8. Nc3 Qh4 9. Ng3 e5 10. Qe2 Bd6 11. Bxd6 cxd6 12. Nb5 O-O 13. Nxd6 Bg4 14. f3 Be6 15. O-O-O Qb4 16. Nde4 Qa3+ 0-1

[Event "Live Chess"]
[Site "Chess.com"]
[Date "2024.06.02"]
[Round "-"]
[White "Cruiseylee78"]
[Black "NAZRIZ1977"]
[Result "1-0"]
[WhiteElo "1694"]
[BlackElo "2065"]
[TimeControl "300"]
[EndTime "7:50:51 PDT"]
[Termination "Cruiseylee78 won - game abandoned"]

1. d4 d5 2. Bf4 e6 3. e3 f5 4. Bd3 Nf6 5. Nf3 Bd6 6. Bg3 O-O 7. Nbd2 c6 8. c3 Qe7 9. Qc2 Nbd7 10. Ne5 Ne4 11.
f3 Nxd2 12. Qxd2 Nf6 13. Qc2 Bd7 14. Bh4 Qe8 15. h3 c5 16. f4 Ne4 17. Rg1 Qh5 18.
g3 Bxe5 19. fxe5 Rfc8 20. Be2 Qh6 21. g4 Qxe3 22. gxf5 1-0

[Event "Live Chess"]
[Site "Chess.com"]
[Date "2024.06.02"]
[Round "-"]
[White "agamilewska"]
[Black "DJ_Lambton"]
[Result "1-0"]
[WhiteElo "1785"]
[BlackElo "1794"]
[TimeControl "300"]
[EndTime "7:50:53 PDT"]
[Termination "agamilewska won by resignation"]

1. d4 d5 2. Nf3 c6 3. Bf4 Nf6 4.
e3 Bf5 5. c4 e6 6. Nc3 Bd6 7.
Bg3 Qc7 8. c5 Bxg3 9. hxg3 Nbd7 10. Bd3 Bxd3 11. Qxd3 b6 12. e4 bxc5 13. e5 Ne4 14.
Nxe4 dxe4 15. Qxe4 cxd4 16. Rxh7 Rxh7 17. Qxh7 Ke7 18. Qg6 Nxe5 19. Qxg7 Nxf3+ 20. gxf3 Qa5+ 21. Kf1 Qd2 22. Re1 c5 23. f4 Qxb2 24. Qg5+ Kf8 25. Qe5 Qb5+ 26. Kg1 Rb8 27. Qd6+ Kg7 28. Qe5+ Kf8 29.
Rc1 Rc8 30. Qh8+ Ke7 31. Qxc8 Qe2 32. Qxc5+ Kf6 33. Qxd4+ Kg6 34. f5+ exf5 35. Rc6+ 1-0

[Event "Live Chess"]
[Site "Chess.com"]
[Date "2024.06.02"]
[Round "-"]
[White "NottheBishopSacrifice"]
[Black "goldinspiredphoenix"]
[Result "1-0"]
[WhiteElo "2340"]
[BlackElo "1501"]
[TimeControl "300"]
[EndTime "7:50:58 PDT"]
[Termination "NottheBishopSacrifice won by resignation"]

1. d4 d5 2. Nf3 c5 3. c4 e6 4. cxd5 exd5 5. Nc3 cxd4 6. Nxd4 Nf6 7. g3 Nc6 8. Bg2 Be6 9. O-O Bc5 10. Be3 Bxd4 11. Bxd4 Nxd4 12. Qxd4 O-O 13. Rfd1 Qb6 14. Qxb6 axb6 15. a3 Rfd8 16. e3 Kf8 17. Rd4 Rd7 18. Rad1 Rad8 19. Rb4 Rd6 20. Rdd4 Ke7 21. h4 h6 22. Rb5 R8d7 23. Rdb4 d4 24. exd4 Rxd4 25. Rxd4 Rxd4 26. Rxb6 Rd1+ 27. Nxd1 Bc8 28. Bxb7 Bxb7 29. Rxb7+ Kf8 30. a4 Ne8 31. a5 Nd6 32. a6 Nxb7 33.
axb7 Ke7 34. b8=Q Kd7 35. b4 Ke6 36. b5 1-0

[Event "Live Chess"]
[Site "Chess.com"]
[Date "2024.06.02"]
[Round "-"]
[White "Zhevzh1k7"]
[Black "FlyingChessKestrel13"]
[Result "0-1"]
[WhiteElo "1112"]
[BlackElo "2062"]
[TimeControl "300"]
[EndTime "7:51:16 PDT"]
[Termination "FlyingChessKestrel13 won by resignation"]

1. e4 d6 2. Nf3 g6 3. Bc4 Bg7 4. d4 Nf6 5. Nc3 O-O 6. O-O Nxe4 7. Nxe4 d5 8. Bxd5 Qxd5 9. Qd3 Bf5 10. Nc3 Bxd3 11.
Nxd5 Bxf1 12. Nxc7 Bc4 13. Nxa8 Na6 14. b3 Bd5 15. c4 Bxf3 16. gxf3 Bxd4 17. Rb1 Rxa8 18.
Bg5 Bf6 19. Bxf6 exf6 20. b4 Rc8 21. b5 Nc5 22. b6 a6 23. Rd1 Ne6 24. Rd7 Rxc4 25.
Rxb7 Rb4 26. a3 Rb3 27. a4 Kg7 28. a5 Rb5 29. Rb8 Rxa5 30. b7 Rb5 31. Ra8 Rxb7 32.
Rxa6 Rb3 33. Rd6 Rxf3 34. Kg2 Rf5 0-1

[Event "Live Chess"]
[Site "Chess.com"]
[Date "2024.06.02"]
[Round "-"]
[White "80Times"]
[Black "Larchikov"]
[Result "0-1"]
[WhiteElo "1871"]
[BlackElo "2106"]
[TimeControl "300"]
[EndTime "7:51:16 PDT"]
[Termination "Larchikov won by resignation"]

1. e4 c6 2. Nc3 d5 3. Nf3 d4 4.
Ne2 c5 5. Ng3 Nc6 6. h3 Nf6 7.
a3 e6 8. Bc4 Bd6 9. d3 Qc7 10.
Ne2 O-O 11. Bb5 Bd7 12. Bxc6 Bxc6 13. O-O Nh5 14. g4 Nf4 15. Nxf4 Bxf4 16. Kg2 f5 17. Re1 Rf7 18. g5 fxe4 19. dxe4 Raf8 0-1

[Event "Live Chess"]
[Site "Chess.com"]
[Date "2024.06.02"]
[Round "-"]
[White "lateforthesky"]
[Black "MagnersCarlsberg2870"]
[Result "1-0"]
[WhiteElo "2080"]
[BlackElo "1765"]
[TimeControl "300"]
[EndTime "7:51:27 PDT"]
[Termination "lateforthesky won by resignation"]

1. e4 e5 2. Nf3 Nf6 3. d4 exd4 4. e5 Bb4+ 5. c3 dxc3 6. bxc3 Bxc3+ 7. Nxc3 Qe7 8. Be2 Qxe5 9. Nxe5 d6 10. Nf3 Bg4 11. h3 1-0

[Event "Live Chess"]
[Site "Chess.com"]
[Date "2024.06.02"]
[Round "-"]
[White "joellloyd"]
[Black "ivan_1968"]
[Result "1-0"]
[WhiteElo "1912"]
[BlackElo "1796"]
[TimeControl "300"]
[EndTime "7:51:29 PDT"]
[Termination "joellloyd won on time"]

1. e4 c6 2. d4 d5 3. e5 Bf5 4. h4 h5 5. Bd3 Bxd3 6. Qxd3 e6 7. Bg5 Qb6 8. Nd2 Nd7 9. Ngf3 Ne7 10. O-O Nf5 11.
Rfe1 c5 12. c4 Nxd4 13. Nxd4 cxd4 14. cxd5 Nc5 15. Qxd4 exd5 16. Qxd5 Ne6 17. Nc4 Qc5 18. Qxb7 Rc8 19. Nd6+ Bxd6 20. exd6 O-O 21. Rac1 Rb8 22.
Qxb8 Rxb8 23. Rxc5 Nxc5 24. Re7 f6 25. Be3 Nb7 26. d7 Rd8 27. Bxa7 Kf8 28. Re8+ Rxe8 29.
dxe8=Q+ Kxe8 30. Bd4 Kd7 31. f3 Kc6 32. g4 hxg4 33.
fxg4 Kd5 34. Bc3 Nc5 35. Kf2 Ne4+ 36. Ke3 Nd6 37. a4 1-0

[Event "Live Chess"]
[Site "Chess.com"]
[Date "2024.06.02"]
[Round "-"]
[White "Colm_Buckley"]
[Black "booktrunk"]
[Result "1-0"]
[WhiteElo "1879"]
[BlackElo "1493"]
[TimeControl "300"]
[EndTime "7:51:37 PDT"]
[Termination "Colm_Buckley won by resignation"]

1. d4 b6 2. c4 Bb7 3. Nc3 e6 4.
e4 h6 5. Nf3 Nf6 6. Bd3 Bb4 7.
d5 exd5 8. cxd5 Qe7 9. O-O O-O 10.
Re1 Bxc3 11. bxc3 Qd8 12. Qc2 c6 13. c4 cxd5 14. exd5 Re8 15. Bb2 Rxe1+ 16. Rxe1 Qf8 17. Bxf6 gxf6 18. Nd4 Na6 19. Qd2 Re8 20. Rxe8 Qxe8 21. h3 Kg7 22. Nf5+ Kg8 23. Qxh6 Qe1+ 24. Kh2 Qe5+ 25.
g3 1-0

[Event "Live Chess"]
[Site "Chess.com"]
[Date "2024.06.02"]
[Round "-"]
[White "wadsy27"]
[Black "JohanKjeldahl"]
[Result "1-0"]
[WhiteElo "2603"]
[BlackElo "1801"]
[TimeControl "300"]
[EndTime "7:51:49 PDT"]
[Termination "wadsy27 won by resignation"]

1. c4 e5 2. g3 Nc6 3. Nc3 Nf6 4. Bg2 d6 5. Nf3 g6 6. O-O Bg7 7. d3 O-O 8. Rb1 Be6 9. b4 a6 10. a4 Ne8 11. b5 axb5 12. axb5 Nd4 13. Nxd4 exd4 14. Nd5 f5 15. Nf4 Bd7 16. Bxb7 Rb8 17. Bd5+ Kh8 18. Bb2 Nf6 19. Bg2 Ng4 20. h3 Nh6 21.
Ra1 Qe8 22. Ra7 Rc8 23. Nd5 Be5 24. Nxc7 Qd8 25. Nd5 f4 26. gxf4 Bxf4 27. Bxd4+ Kg8 28. Nxf4 Rxf4 29. Be3 Rh4 30. Qd2 Nf5 31. Bg5 1-0

[Event "Live Chess"]
[Site "Chess.com"]
[Date "2024.06.02"]
[Round "-"]
[White "RichardABates"]
[Black "stevochess11"]
[Result "1-0"]
[WhiteElo "2378"]
[BlackElo "1693"]
[TimeControl "300"]
[EndTime "7:51:56 PDT"]
[Termination "RichardABates won by resignation"]

1. d4 Nf6 2. Nf3 g6 3. c4 Bg7 4. g3 O-O 5. Bg2 d6 6. O-O Nc6 7. Nc3 e5 8. dxe5 dxe5 9. Bg5 Qxd1 10. Rfxd1 Be6 11. Nd5 Bxd5 12. cxd5 e4 13. dxc6 exf3 14.
Bxf3 bxc6 15. Bxc6 Rab8 16. Rab1 Ng4 17. b3 Ne5 18. Bg2 Rfe8 19. Rbc1 c6 20. Bf4 Ng4 21. h3 Nh6 22. Bxb8 Rxb8 23. Rxc6 1-0

[Event "Live Chess"]
[Site "Chess.com"]
[Date "2024.06.02"]
[Round "-"]
[White "gmnorfolk"]
[Black "GEMdzq"]
[Result "0-1"]
[WhiteElo "2133"]
[BlackElo "2274"]
[TimeControl "300"]
[EndTime "7:51:58 PDT"]
[Termination "GEMdzq won by resignation"]

1. Nf3 e6 2. c4 Nf6 3. d4 c5 4. Nc3 cxd4 5. Nxd4 Nc6 6. g3 Bc5 7. Nb3 Be7 8. Bg2 O-O 9. O-O d6 10. e4 a6 11. Be3 Qc7 12. Na4 Nd7 13. Rc1 b6 14.
Re1 Bb7 15. Nd4 Bf6 16. b3 Nc5 17. Nxc5 bxc5 18. Nxc6 Bxc6 19. f4 Rfd8 20. Qc2 a5 21. a4 Rab8 22. Rb1 Rb7 23. Qf2 Rdb8 24. e5 dxe5 25. fxe5 Bxe5 26. Bxc5 Bxg2 27. Kxg2 Rxb3 28.
Rxb3 Rxb3 29. Bd4 Bxd4 30. Qxd4 Qc6+ 31. Kh3 h6 32. Rf1 Rb8 33. Qa7 Rf8 34. c5 Qxa4 35. Qb6 Qc4 36. Rd1 h5 37. Rd2 g5 38. c6 Qf1+ 0-1

[Event "Live Chess"]
[Site "Chess.com"]
[Date "2024.06.02"]
[Round "-"]
[White "Bradfield133"]
[Black "lyricalschemes"]
[Result "0-1"]
[WhiteElo "1846"]
[BlackElo "2227"]
[TimeControl "300"]
[EndTime "7:52:25 PDT"]
[Termination "lyricalschemes won on time"]

1. c4 e5 2. g3 Nf6 3. Bg2 c6 4. d4 e4 5. Nc3 d5 6. cxd5 cxd5 7.
Bg5 Be6 8. Nh3 Nc6 9. Nf4 Be7 10. O-O O-O 11. f3 exf3 12. Bxf3 Qb6 13. e3 Qxb2 14. Bxf6 Qxc3 15. Bxe7 Qxe3+ 16. Kg2 Nxe7 17. Re1 Qa3 18. Nxe6 fxe6 19. Rxe6 Qb2+ 20. Re2 Qa3 21. Rc2 Rac8 22.
Rxc8 Rxc8 23. Qb3 Qxb3 24. axb3 Rc2+ 25. Kg1 a6 26. Re1 Kf7 27. Re5 Rc3 28. Bxd5+ Nxd5 29. Rxd5 Rxb3 30. Rd7+ Kf6 31. Kf2 Rb2+ 32. Ke3 a5 33. h4 a4 34. Kd3 a3 35. Kc3 Rg2 36.
Rxb7 Rxg3+ 37. Kc4 Rg4 38. Ra7 Rxh4 39. Rxa3 Rh1 40. Ra6+ Kf5 41. d5 Rc1+ 42. Kd4 Rd1+ 43. Kc5 Ke5 44. Re6+ Kf5 45. Re7 Rc1+ 46. Kd4 Rd1+ 47.
Kc5 Rc1+ 48. Kd4 Kf6 49. d6 Rd1+ 50. Kc5 Rc1+ 51. Kd5 h5 52. Re2 Rd1+ 53. Kc6 Rc1+ 54. Kd5 g5 55. Rf2+ Kg6 56. d7 Rd1+ 57. Ke6 Re1+ 58.
Kd6 Rd1+ 59. Ke7 Rxd7+ 60. Kxd7 g4 0-1

[Event "Live Chess"]
[Site "Chess.com"]
[Date "2024.06.02"]
[Round "-"]
[White "GwaryTek"]
[Black "DylanMeyer1"]
[Result "1-0"]
[WhiteElo "1890"]
[BlackElo "1723"]
[TimeControl "300"]
[EndTime "7:52:31 PDT"]
[Termination "GwaryTek won by checkmate"]

1. d4 d5 2. c4 e6 3. Nc3 Be7 4. Nf3 Nf6 5. cxd5 O-O 6. dxe6 Bxe6 7. g3 c6 8. Bg2 Qc8 9. O-O Bh3 10. Bg5 Bxg2 11.
Kxg2 h6 12. Bxf6 Bxf6 13. e4 g6 14. Qe2 Bg7 15. Rac1 Nd7 16. Rfd1 Nf6 17. e5 Nh7 18. Ne4 Qe6 19. b3 Rad8 20. Nc5 Qg4 21. h3 Qc8 22. e6 Rde8 23. exf7+ Rxf7 24. Qc4 Ng5 25. Nxg5 hxg5 26. Re1 Rxe1 27. Rxe1 Qf5 28. Ne4 Qf3+ 29. Kg1 Bh6 30. Qe2 Qf5 31. Nd6 Qxh3 32. Nxf7 Kxf7 33.
Qe8+ Kg7 34. Re7+ Kf6 35. Qf7# 1-0

[Event "Live Chess"]
[Site "Chess.com"]
[Date "2024.06.02"]
[Round "-"]
[White "agamilewska"]
[Black "missedJariChance"]
[Result "1-0"]
[WhiteElo "1786"]
[BlackElo "1364"]
[TimeControl "300"]
[EndTime "7:52:38 PDT"]
[Termination "agamilewska won by resignation"]

1. d4 d5 2. Nf3 c5 3. Bf4 e6 4. e3 Nc6 5. c4 cxd4 6. Nxd4 Nf6 7. cxd5 Nxd5 8. Nxc6 bxc6 9. Bc4 Be7 10. Bxd5 exd5 11.
O-O O-O 12. Nc3 Rb8 13. Bxb8 1-0

[Event "Live Chess"]
[Site "Chess.com"]
[Date "2024.06.02"]
[Round "-"]
[White "Bunny55"]
[Black "StoreySniper"]
[Result "0-1"]
[WhiteElo "1160"]
[BlackElo "2489"]
[TimeControl "300"]
[EndTime "7:52:40 PDT"]
[Termination "StoreySniper won by resignation"]

1. e4 d5 2. exd5 Nf6 3. Nc3 Bg4 4. f3 Bf5 5. d4 Nxd5 6. Nxd5 Qxd5 7. c4 Qe6+ 8. Be2 Na6 9. d5 Qg6 10. Nh3 Bxh3 11.
gxh3 O-O-O 12. Bd3 Qg2 13. Rf1 e6 14. c5 Rxd5 15. Qe2 Qxe2+ 16. Bxe2 Nxc5 17. Be3 Nd3+ 0-1

[Event "Live Chess"]
[Site "Chess.com"]
[Date "2024.06.02"]
[Round "-"]
[White "dmitro74"]
[Black "santhoshrlokesh"]
[Result "1-0"]
[WhiteElo "1747"]
[BlackElo "1451"]
[TimeControl "300"]
[EndTime "7:52:48 PDT"]
[Termination "dmitro74 won on time"]

1. d4 d5 2. c4 dxc4 3. Nc3 Bf5 4. e4 Bg6 5. Bxc4 e6 6. Nf3 Bb4 7. Qa4+ Nc6 8. d5 exd5 9. exd5 Bxc3+ 10. bxc3 a6 11.
dxc6 b5 12. Bxb5 axb5 13. Qxb5 Nf6 14. Qe5+ Qe7 15. Qxe7+ Kxe7 16. O-O Rhe8 17. Re1+ Kd6 18. Rxe8 Rxe8 19. Bf4+ Kxc6 20. h3 Nd5 21. Nd4+ Kd7 22.
Bg3 Nxc3 23. a4 c5 24. Nb5 Nxb5 25. axb5 Be4 26. f3 Bb7 27. Ra7 Kc8 28. b6 Re6 29. Ra5 Rc6 30. Bf2 c4 31. Ra1 c3 32. Rc1 Rc4 33.
Kf1 Bc6 34. Ke1 Ba4 35. Ke2 c2 36. Kd3 Rc6 37. Be3 g6 38. Ra1 Bb3 39. Bd4 c1=Q 40. Rxc1 Rxc1 41. g4 Rd1+ 42. Ke3 Kb7 43. Bc5 Bc4 44.
h4 Rd3+ 45. Kf4 Rb3 46. Kg5 h5 47. gxh5 gxh5 48. Kxh5 1-0

[Event "Live Chess"]
[Site "Chess.com"]
[Date "2024.06.02"]
[Round "-"]
[White "nitrofish07"]
[Black "Step-S"]
[Result "1-0"]
[WhiteElo "2080"]
[BlackElo "1280"]
[TimeControl "300"]
[EndTime "7:52:51 PDT"]
[Termination "nitrofish07 won by checkmate"]

1. e4 g6 2. d4 Bg7 3. Nc3 d6 4. Be3 Nf6 5. f3 O-O 6. Qd2 c6 7. h4 e5 8. Nge2 Nbd7 9. g4 Nb6 10. b3 Nxg4 11. fxg4 Bxg4 12. O-O-O exd4 13. Bxd4 Bxd4 14. Qxd4 d5 15. exd5 cxd5 16. Qxg4 Qf6 17. Qd4 Qe7 18. h5 Qa3+ 19. Kb1 a5 20. hxg6 fxg6 21. Nxd5 Nd7 22. Nec3 Rad8 23. Bc4 Nb6 24. Ne7# 1-0

[Event "Live Chess"]
[Site "Chess.com"]
[Date "2024.06.02"]
[Round "-"]
[White "silunn"]
[Black "Frankie_Badacsonyi"]
[Result "0-1"]
[WhiteElo "2059"]
[BlackElo "2370"]
[TimeControl "300"]
[EndTime "7:52:58 PDT"]
[Termination "Frankie_Badacsonyi won by resignation"]

1. e4 g6 2. Nf3 Bg7 3. Nc3 c6 4. d4 d5 5. e5 Bg4 6. Be2 e6 7. O-O Ne7 8. h3 Bxf3 9. Bxf3 O-O 10. Ne2 c5 11. c3 cxd4 12. cxd4 Nbc6 13. a3 Rc8 14.
Bg5 Qb6 15. Qd2 Nf5 16. Rfd1 Rfe8 17. g4 Nfe7 18. Rac1 Na5 19. Bxe7 Rxc1 20. Rxc1 Nb3 21. Qb4 Qxb4 22. Bxb4 Nxc1 23. Nxc1 Rc8 24. Nd3 Bf8 25. Bxf8 Kxf8 26. Bd1 Rc4 27. Bb3 Rxd4 28. Nc5 b6 29.
Na4 Rd2 30. Kf1 b5 31. Ke1 Rd4 32. Nc3 b4 33. Ne2 Re4 34. f4 bxa3 35. bxa3 Re3 36.
Bd1 Rxa3 37. Ng1 Ke7 38. Kf2 a5 39. Nf3 a4 40. h4 Ra1 41. Bc2 a3 42. Bb3 a2 43. Nd4 Rf1+ 0-1

[Event "Live Chess"]
[Site "Chess.com"]
[Date "2024.06.02"]
[Round "-"]
[White "Mangoalo"]
[Black "matt1979"]
[Result "1-0"]
[WhiteElo "1080"]
[BlackElo "1419"]
[TimeControl "300"]
[EndTime "7:53:40 PDT"]
[Termination "Mangoalo won on time"]

1. e4 d6 2. Nf3 Nf6 3. Nc3 Nbd7 4.
d4 e5 5. dxe5 dxe5 6. Bg5 Be7 7.
Bb5 c6 8. Bd3 Qc7 9. O-O O-O 10.
Re1 h6 11. Bxf6 Nxf6 12. Qe2 Bb4 13. Rad1 Bg4 14. h3 Bh5 15. a3 Bxc3 16. bxc3 Rad8 17. c4 Qb6 18. Rb1 Qc7 19. a4 b6 20. Red1 Rd7 21. Rd2 Rfd8 22. Rbd1 Bg6 23. Qe3 c5 24. Ne1 Qb7 25. Nf3 Qc7 26. Ne1 Nh5 27. g4 Nf4 28.
f3 Nxh3+ 29. Kg2 Nf4+ 30. Kg3 Nxd3 31. cxd3 Qd6 32. Kf2 Qf6 33. Ke2 Qh4 34. Qf2 Qxf2+ 35. Kxf2 h5 36. gxh5 Bxh5 37. Ke3 Rd6 38. Ng2 Rg6 39.
Nh4 Rg5 40. Nf5 Re8 41. Rh1 Bg6 42. Rdh2 f6 43. Nd6 Kf8 44. Nxe8 Kxe8 45. Rh8+ Kf7 46.
Ra8 a5 47. Ra6 f5 48. exf5 Bxf5 49. Rxb6 Be6 50. Rb5 e4 51. dxe4 Rg3 52. Rxc5 Bg4 53. Rf1 Bh3 54. Rf2 Ke6 55. Rxa5 g5 56. Rf5 g4 57. a5 gxf3 58. R2xf3 Bxf5 59. Rxg3 1-0

[Event "Live Chess"]
[Site "Chess.com"]
[Date "2024.06.02"]
[Round "-"]
[White "raimundklein"]
[Black "kylet1990"]
[Result "1-0"]
[WhiteElo "1590"]
[BlackElo "766"]
[TimeControl "300"]
[EndTime "7:53:44 PDT"]
[Termination "raimundklein won by checkmate"]

1. e4 c6 2. Nf3 d5 3. exd5 cxd5 4. Ne5 Bf5 5. Bb5+ Bd7 6. Nxd7 Nxd7 7. d4 Qa5+ 8. Nc3 a6 9. Bd3 e6 10. O-O Bd6 11. f4 Ngf6 12. h3 Qc7 13. g4 O-O-O 14. Qf3 h6 15. Be3 h5 16. Ne2 hxg4 17. hxg4 Rh4 18.
Ng3 Rdh8 19. c4 Nxg4 20. Rfc1 Kb8 21. cxd5 Qd8 22. dxe6 fxe6 23. d5 Nxe3 24. Qxe3 g5 25. Qxe6 Nc5 26. Qf5 gxf4 27. Nf1 Nxd3 28. Qxd3 Qg5+ 29.
Kf2 Rg8 30. a3 f3 31. Rc4 Bg3+ 32. Kxf3 Rf8+ 33. Ke2 Rh2+ 34. Kd1 Qh5+ 35. Kc1 Rh1 36. Kc2 Rf2+ 37. Kb3 Rhxf1 38. Rxf1 Rxf1 39. Qxf1 Qe8 40.
Rb4 a5 41. Qb5 Qe3+ 42. Ka2 Qd2 43. Rb3 a4 44. Qxb7# 1-0

[Event "Live Chess"]
[Site "Chess.com"]
[Date "2024.06.02"]
[Round "-"]
[White "ACM42"]
[Black "Dashman93"]
[Result "1-0"]
[WhiteElo "2173"]
[BlackElo "2148"]
[TimeControl "300"]
[EndTime "7:53:45 PDT"]
[Termination "ACM42 won by resignation"]

1. e4 e5 2. Nf3 Nf6 3. Nc3 Nc6 4. d4 exd4 5. Nxd4 Bb4 6. Nxc6 dxc6 7. Qxd8+ Kxd8 8. Bg5 Ke7 9. Bd3 h6 10. Bh4 g5 11.
Bg3 Ba5 12. O-O-O Be6 13. a3 Bxc3 14. bxc3 Rac8 15. f4 Nh5 16. f5 Nxg3 17. hxg3 Bd7 18. e5 c5 19. f6+ Kf8 20. Be4 Bg4 21. Rd5 b6 22. Bd3 Be6 23. Ba6 Bxd5 24. Bxc8 Bxg2 25. Rd1 Ke8 26. Bd7+ Kf8 27. Bh3 1-0

[Event "Live Chess"]
[Site "Chess.com"]
[Date "2024.06.02"]
[Round "-"]
[White "ClassyChameleon"]
[Black "f4nomore"]
[Result "1/2-1/2"]
[WhiteElo "1530"]
[BlackElo "1276"]
[TimeControl "300"]
[EndTime "7:53:52 PDT"]
[Termination "Game drawn by repetition"]

1. e4 g6 2. Nf3 Bg7 3. d4 d6 4. Bc4 e6 5. d5 e5 6. O-O Ne7 7. Nc3 O-O 8. Bg5 Qe8 9. Qd2 f5 10. Bh6 fxe4 11. Nxe4 Nf5 12. Bxg7 Kxg7 13. Nfg5 h6 14.
Ne6+ Bxe6 15. dxe6 Nc6 16. c3 a6 17. Bb3 b5 18. a4 Na5 19. Bc2 Qxe6 20. axb5 Nc4 21.
Qe2 d5 22. Nc5 Qf6 23. Bxf5 Qxf5 24. bxa6 c6 25. Nb7 Rf6 26. b3 Nd6 27. Nxd6 Rxd6 28. b4 Rd7 29. c4 d4 30. c5 d3 31. Qd2 Rda7 32. Rfd1 Rxa6 33. Rxa6 Rxa6 34. h3 Qe6 35.
Qxd3 e4 36. Qd4+ Kf7 37. Re1 g5 38. Rxe4 Ra1+ 39. Kh2 Qd5 40. Qxa1 Qxe4 41. Qa7+ Kg6 42. Qb6 Qf4+ 43. Kg1 Qc1+ 44. Kh2 Qf4+ 45. Kg1 Qc1+ 46. Kh2 Qf4+ 1/2-1/2

[Event "Live Chess"]
[Site "Chess.com"]
[Date "2024.06.02"]
[Round "-"]
[White "joellloyd"]
[Black "MagnersCarlsberg2870"]
[Result "0-1"]
[WhiteElo "1901"]
[BlackElo "1776"]
[TimeControl "300"]
[EndTime "7:53:58 PDT"]
[Termination "MagnersCarlsberg2870 won by resignation"]

1. e4 d6 2. d4 Nf6 3. Nc3 Nbd7 4.
Nf3 e5 5. dxe5 dxe5 6. h3 c6 7. Be3 h6 8. Bc4 Be7 9. a4 Qc7 10. Qe2 a5 11. O-O g5 12. Rfd1 g4 13. hxg4 Nxg4 14.
Nh2 Nxe3 15. Qxe3 Nf6 16. f3 b6 17. Nf1 Bc5 0-1

[Event "Live Chess"]
[Site "Chess.com"]
[Date "2024.06.02"]
[Round "-"]
[White "Queensandpawns"]
[Black "Inglaterra"]
[Result "0-1"]
[WhiteElo "2260"]
[BlackElo "2054"]
[TimeControl "300"]
[EndTime "7:54:05 PDT"]
[Termination "Inglaterra won by resignation"]

1. e4 e5 2. d4 exd4 3. c3 Nf6 4. Bc4 d6 5. Nf3 Be7 6. O-O dxc3 7. Nxc3 O-O 8. Qe2 Bg4 9. h3 Bh5 10. Bf4 Nc6 11.
Rad1 Qc8 12. Qe3 Re8 13. Rde1 a6 14. Ng5 Ne5 15. Bxe5 dxe5 16. f4 exf4 17. Qxf4 h6 18. Nxf7 Bxf7 19. Bxf7+ Kxf7 20. e5 Qe6 21. exf6 Qb6+ 22.
Kh1 Bxf6 23. Nd5 Qxb2 24. Nxf6 gxf6 25. Qxh6 Rxe1 26. Rxe1 Rg8 27. Qh7+ Rg7 28. Qh5+ Rg6 29. Qd5+ Kg7 30. Qf3 Qxa2 31. Re7+ Kf8 32. Rxc7 Qa1+ 33.
Kh2 Qe5+ 34. Qg3 Qxg3+ 0-1

[Event "Live Chess"]
[Site "Chess.com"]
[Date "2024.06.02"]
[Round "-"]
[White "Ferrarifan27"]
[Black "degringolade64"]
[Result "1-0"]
[WhiteElo "2155"]
[BlackElo "2089"]
[TimeControl "300"]
[EndTime "7:54:17 PDT"]
[Termination "Ferrarifan27 won on time"]

1. e4 e5 2. Nf3 Nc6 3. Bb5 a6 4. Ba4 Nf6 5. O-O Nxe4 6. Re1 Nc5 7. Bxc6 dxc6 8. Nxe5 Ne6 9. d3 Bd6 10. Nc3 O-O 11.
Nc4 Bc5 12. Be3 Nd4 13. Ne4 Ba7 14. c3 Nf5 15. Bxa7 Rxa7 16. d4 Be6 17. Ne3 Ra8 18. Nc5 Nxe3 19. fxe3 Qg5 20. Nxe6 fxe6 21. Qb3 Rf6 22.
Qxb7 Raf8 23. Qxc6 Rf2 24. Qxe6+ Kh8 25. Qe4 Qf6 26.
b3 h5 27. a4 h4 28. h3 Qg5 29. Rf1 Qg3 30. Rxf2 Qxf2+ 31. Kh1 Qb2 32. Qxh4+ Kg8 33. Rg1 Qxc3 34. Qe7 Qxb3 35. Qxc7 Qxe3 36. Qc4+ Kh8 37. Qxa6 Qxd4 38. Qb5 Ra8 39. a5 Qa7 40. Ra1 Rb8 41.
Qh5+ Kg8 42. Qd5+ Kh8 43. a6 Rb2 44. Qh5+ Kg8 45. Qd5+ Kh8 46. Qf3 Rf2 47. Qb7 Qd4 48. Rc1 Qf4 49. Rc8+ Kh7 50. Qb1+ g6 51. Qb7+ Kh6 52.
Rh8+ Kg5 53. Qd5+ Qf5 54. Qxf5+ Kxf5 55. a7 Rf1+ 56. Kh2 Ra1 57. a8=Q Rxa8 58. Rxa8 Kf6 59. Ra5 Ke6 60. Ra2 Kf6 61. g4 Ke6 62. Kg3 Kf6 63. h4 Kg7 64. Ra5 Kf6 65. h5 gxh5 66. gxh5 Kg7 67.
h6+ Kh7 68. Kh4 Kxh6 69. Kg4 Kg6 70. Ra6+ Kf7 71. Kf5 Ke7 72. Ke5 Kf7 73. Kd5 Kg7 74. Rb6 Kf7 75. Rc6 Kg7 76. Rc7+ 1-0

[Event "Live Chess"]
[Site "Chess.com"]
[Date "2024.06.02"]
[Round "-"]
[White "Pandreq"]
[Black "jimwad"]
[Result "1/2-1/2"]
[WhiteElo "1238"]
[BlackElo "1330"]
[TimeControl "300"]
[EndTime "7:54:17 PDT"]
[Termination "Game drawn by repetition"]

1. d4 d5 2. c4 c6 3. e3 Nf6 4. cxd5 Nxd5 5. Nc3 Nxc3 6. bxc3 Bf5 7. Ba3 Nd7 8. Nf3 e6 9. Qc1 Bxa3 10. Qxa3 Qe7 11.
Qb3 Nb6 12. Ne5 O-O 13. Nd3 Rfd8 14. Be2 e5 15. O-O exd4 16. cxd4 Be6 17. Qc2 Nd5 18.
Nc5 b6 19. Nb3 Nb4 20. Qc3 Bxb3 21. axb3 Rdc8 22. Ra4 Nd5 23. Qc2 b5 24. Ra6 Nb4 25. Qc3 Nxa6 26. Ra1 b4 27. Qc4 Nc7 28. Qxc6 Ne6 29. Qe4 Qc7 30. Bd3 g6 31. g3 Qc3 32.
Bc4 Qxa1+ 33. Kg2 Qc3 34. Bxe6 fxe6 35. Qxe6+ Kg7 36. Qe7+ Kg8 37. Qe6+ Kf8 38. Qf6+ Ke8 39. Qe6+ Kd8 40. Qd6+ Ke8 41. Qe6+ Kf8 42. Qf6+ Kg8 43. Qe6+ 1/2-1/2

[Event "Live Chess"]
[Site "Chess.com"]
[Date "2024.06.02"]
[Round "-"]
[White "NAZRIZ1977"]
[Black "FlyingChessKestrel13"]
[Result "1-0"]
[WhiteElo "2073"]
[BlackElo "2054"]
[TimeControl "300"]
[EndTime "7:54:18 PDT"]
[Termination "NAZRIZ1977 won by resignation"]

1. d4 d5 2. c4 dxc4 3. Nc3 a6 4. a4 Nf6 5. e3 e5 6. d5 Bb4 7. Bxc4 O-O 8. Ne2 Nbd7 9. O-O Nb6 10. Bb3 Bg4 11.
f3 Bh5 12. e4 Bc5+ 13. Kh1 c6 14. a5 Nbd7 15. Bg5 cxd5 16. Nxd5 Be7 17. Nxe7+ Qxe7 18. Nc3 h6 19. Nd5 Qd8 20. Bh4 g5 21. Bg3 Nxd5 22.
Bxd5 Rb8 23. Qb3 Qe7 24. Rac1 Bg6 25. Rc7 Qd6 26. Rfc1 Kh8 27. Qa3 Qxa3 28. bxa3 Rfd8 29. Rxd7 Rxd7 30. Bxe5+ 1-0